 Dungeon Crawl Stone Soup version 0.31-a0-23-gcbde74481b (webtiles) character file.

Game seed: 11353891105226138357

1178 pk666 the Magician (level 8, -13/41 HPs)
             Began as a Deep Elf Hedge Wizard on May 13, 2023.
             Mangled by an orc warrior
             ... wielding a +0 mace
              (14 damage)
             ... on level 6 of the Dungeon.
             The game lasted 00:17:55 (7155 turns).

pk666 the Magician (Deep Elf Hedge Wizard)          Turns: 7155, Time: 00:17:56

Health: -13/41     AC:  7    Str:  7    XL:     8   Next: 18%
Magic:  7/20       EV: 12    Int: 26    God:
Gold:   189        SH:  0    Dex: 14    Spells: 15/21 levels left

rFire   . . .        y - +6 short sword "Beetlebane" {freeze, rC+ Int+4}
rCold   + . .        (no shield)
rNeg    . . .        b - +0 robe
rPois   +            c - +0 hat
rElec   .            k - +0 cloak
rCorr   .            (no gloves)
SInv    .            (no boots)
Will    .....        (no amulet)
Stlth   ++           v - +4 ring of protection
HPRegen 0.26/turn    j - ring of poison resistance
MPRegen 0.17/turn

%: no passive effects
@: on blink cooldown
A: no striking features
a: no special abilities


You were on level 6 of the Dungeon.
You visited 1 branch of the dungeon, and saw 6 of its levels.

You collected 189 gold pieces.

Inventory:

Hand Weapons
 l - a +2 dagger of holy wrath
 y - the +6 short sword "Beetlebane" (weapon) {freeze, rC+ Int+4}
   (You found it on level 4 of the Dungeon)

   Int:       It affects your intelligence (+4).
   rC:        It protects you from cold.
Armour
 b - a +0 robe (worn)
 c - a +0 hat (worn)
 k - a +0 cloak (worn)
Magical Staves
 a - a staff of fire
 t - a staff of conjuration
Jewellery
 e - a +6 ring of strength
 j - a ring of poison resistance (right hand)
 v - a +4 ring of protection (left hand)
 C - a +4 ring of protection
Scrolls
 g - a scroll of fog {unknown}
 i - 3 scrolls of teleportation {unknown}
 n - 6 scrolls of identify {unknown}
 o - a scroll of noise {unknown}
 p - 2 scrolls of amnesia {unknown}
 q - 3 scrolls of torment {unknown}
 s - a scroll of enchant armour {unknown}
 x - a scroll of enchant weapon {unknown}
 B - a scroll of blinking {unknown}
 E - a scroll of magic mapping {unknown}
 F - a scroll of immolation {unknown}
Potions
 d - a potion of magic
 f - a potion of might {unknown}
 h - 3 potions of curing {unknown}
 m - 3 potions of brilliance {unknown}
 r - 2 potions of mutation {unknown}
 u - a potion of resistance {unknown}
 w - 2 potions of heal wounds {unknown}
 z - a potion of haste {unknown}
 A - a potion of degeneration {unknown}
 D - a potion of flight {unknown}


   Skills:
 + Level 2.4 Dodging
 - Level 2.4 Stealth
 + Level 7.3 Spellcasting
 + Level 5.1 Conjurations
 - Level 1.1 Summonings
 - Level 4.0 Translocations
 - Level 4.0 Air Magic
 - Level 5.0 Poison Magic


You had 15 spell levels left.
You knew the following spells:

 Your Spells              Type           Power      Damage    Failure   Level
a - Magic Dart            Conj           100%       1d8       1%          1
b - Blink                 Tloc           60%        N/A       1%          2
c - Mephitic Cloud        Conj/Pois/Air  33%        N/A       2%          3

Your spell library contained the following spells:

 Spells                   Type           Power      Damage    Failure   Level
 Cigotuvi's Dreadful Rot  Necr/Pois/Air  50%        N/A       2%          2
 Slow                     Hex            36%        N/A       6%          1
 Call Imp                 Summ           30%        N/A       6%          2


Dungeon Overview and Level Annotations

Branches:
Dungeon (6/15)
 Temple: D:4-7

Altars:
Cheibriados
Dithmenos
Elyvilon
Okawaru
Qazlal
Ru
Yredelemnul
Zin
The Shining One

Annotations:
D:3 2 transporters, KineticRobot's ghost, amateur DrTm


Message History

Casting: Magic Dart (safe; 1% risk of failure)
Confirm with . or Enter, or press ? or * to list all spells.
Aiming: Magic Dart (safe; 1% risk of failure)
Press: ? - help, Shift-Dir - straight line, f/p - orc warrior
Aim: an orc warrior, wielding a +0 mace and wearing a +0 plate armour (heavily wounded, confused, 100% to hit)
The magic dart hits the orc warrior.
The orc warrior is severely wounded.
The orc warrior hits you with a +0 mace.
Casting: Magic Dart (safe; 1% risk of failure)
Confirm with . or Enter, or press ? or * to list all spells.
Aiming: Magic Dart (safe; 1% risk of failure)
Press: ? - help, Shift-Dir - straight line, f/p - orc warrior
Aim: an orc warrior, wielding a +0 mace and wearing a +0 plate armour (severely wounded, confused, 100% to hit)
The magic dart hits the orc warrior.
The orc warrior is severely wounded.
The orc warrior closely misses you.
The orc warrior hits itself with a +0 mace.
An orc comes into view. It is wielding a +0 hand axe.
The orc warrior seems less confused.
The orc priest attacks as you move away!
The orc priest barely misses you.
Casting: Magic Dart (safe; 1% risk of failure)
Confirm with . or Enter, or press ? or * to list all spells.
You blink.
The orc shouts!
The orc warrior hits you with a +0 mace!
Casting: Blink (safe; 1% risk of failure)
Confirm with . or Enter, or press ? or * to list all spells.
You are still too unstable to blink.
The orc priest invokes the aid of Beogh against you.
Beogh smites you!
* * * LOW HITPOINT WARNING * * *
The orc warrior barely misses you. The orc hits you with a +0 hand axe.
* * * LOW HITPOINT WARNING * * *
You hit the orc. You freeze the orc.
You kill the orc!
The orc priest invokes the aid of Beogh against you.
You struggle to resist.
The orc warrior hits you with a +0 mace!
You die...

...###.# .o...
...# #.#
...... ...#
#.#### #......
#....#
#####.......
####.# #.....#
#.# ###.#####
#.# ##)..# #.#
###).### #.#
###.@.##
#.###.oo####..
#..>.........#
###########.##


You could see an orc warrior and an orc priest.

Vanquished Creatures
  Prince Ribbit (D:5)
  Menkaure (D:4)
  An ogre (D:4)
  A phantom (D:5)
  5 scorpions
  An iguana (D:4)
  3 orc wizards (D:4)
  10 adders
  10 gnolls
  An adder zombie (D:3)
  A worm (D:3)
  4 dart slugs
  15 orcs
  6 endoplasms
  2 giant cockroaches
  8 goblins
  21 hobgoblins
  2 jackals (D:1)
  15 kobolds
  2 quokkas
  7 ball pythons
  8 bats
  5 frilled lizards
  A quokka zombie (D:3)
  5 rats
136 creatures vanquished.

Notes
Turn   | Place    | Note
-------+----------+-------------------------------------------
     0 | D:1      | pk666 the Deep Elf Hedge Wizard began the quest for the
                  | Orb.
     0 | D:1      | Reached XP level 1. HP: 10/10 MP: 7/7
   262 | D:1      | Reached XP level 2. HP: 10/15 MP: 3/9
   343 | D:1      | Learned a level 2 spell: Blink
  1125 | D:2      | Reached XP level 3. HP: 19/19 MP: 8/11
  1130 | D:2      | Reached skill level 5 in Spellcasting
  1134 | D:2      | Learned a level 3 spell: Mephitic Cloud
  1445 | D:2      | Reached skill level 1 in Poison Magic
  1445 | D:2      | Reached XP level 4. HP: 19/24 MP: 0/13
  1753 | D:2      | Reached skill level 1 in Air Magic
  2076 | D:3      | Found a stormy altar of Qazlal.
  2185 | D:3      | Found a shadowy altar of Dithmenos.
  2359 | D:3      | Found a transporter.
  2360 | D:3      | Noticed KineticRobot's ghost (amateur DrTm)
  2386 | D:3      | Noticed a scorpion
  2761 | D:3      | Found an iron altar of Okawaru.
  2912 | D:3      | Found a transporter.
  2944 | D:3      | Found a snail-covered altar of Cheibriados.
  3203 | D:3      | Found a basalt altar of Yredelemnul.
  3458 | D:4      | Noticed an ogre
  3608 | D:4      | Reached XP level 5. HP: 28/28 MP: 1/14
  3832 | D:4      | Noticed Menkaure
  4035 | D:4      | Identified the +6 short sword "Beetlebane" {freeze, rC+
                  | Int+4}
  4306 | D:4      | Found a glowing golden altar of the Shining One.
  4306 | D:4      | Found a glowing silver altar of Zin.
  4307 | D:4      | Found a white marble altar of Elyvilon.
  4597 | D:4      | Found a sacrificial altar of Ru.
  4602 | D:4      | Killed Menkaure
  4603 | D:4      | Reached XP level 6. HP: 10/32 MP: 13/16
  5365 | D:3      | Reached skill level 6 in Spellcasting
  5365 | D:3      | Reached XP level 7. HP: 36/36 MP: 4/18
  5512 | D:5      | Entered Level 5 of the Dungeon
  5834 | D:5      | Noticed Prince Ribbit
  6362 | D:5      | Killed Prince Ribbit
  6363 | D:5      | Reached skill level 5 in Poison Magic
  6363 | D:5      | Reached XP level 8. HP: 37/41 MP: 5/20
  6772 | D:5      | Reached skill level 7 in Spellcasting
  6854 | D:5      | Reached skill level 5 in Conjurations
  7154 | D:6      | HP: 1/41 [orc/+0 hand axe (4)]
  7155 | D:6      | Mangled by an orc warrior

Illustrated notes

Levels and vault maps discovered:
D:1:      enne_arrival_octagon_isle, layout_loops_cross, minmay_pentomino_w2
D:2:      layout_rooms
D:3:      layout_loops_corners, mainiacjoe_overflow_small_starburst,
          nicolae_dithmenos_shadow_blocks, okawaru_altar_gauntlet_db,
          mainiacjoe_overflow_brackets, lemuel_zombie_altar_yredelemnul,
          gammafunk_ghost_stat_death, minmay_splitting_lines,
          grunt_decor_junction
D:4:      layout_loops_ring, good_gods_temple_1,
          mainiacjoe_overflow_six_doors_small, uniq_menkaure
D:5:      corexii_shantytown, layout_cave_pools, st_stairs_14,
          uniq_prince_ribbit1
D:6:      layout_basic, minmay_between, uniq_duvessa, uniq_edmund

Skill      XL: |  1  2  3  4  5  6  7  8 |
---------------+-------------------------+-----
Conjurations   | 2 3 4 5 |  5.1
Translocations | 2 3 4 |  4.0
Spellcasting   | 5 6 7 |  7.3
Poison Magic   | 1 3 5 |  5.0
Air Magic      | 1 2 3 4 |  4.0
Dodging        | |  2.4
Stealth        | |  2.4
Summonings     | |  1.1

Action                     |  1- 3 |  4- 6 |  7- 9 || total
---------------------------+-------+-------+-------++-------
  Melee: Dagger            |     4 |     6 |       ||    10
         Short sword       |       |    10 |    24 ||    34
   Cast: Magic Dart        |    92 |   170 |   143 ||   405
         Mephitic Cloud    |       |    11 |    12 ||    23
         Blink             |       |     2 |     3 ||     5
   Stab: Confused          |       |     2 |     1 ||     3
 Armour: Robe              |    11 |    14 |    17 ||    42
  Dodge: Dodged            |    20 |    28 |    32 ||    80

Table legend: (Time is in decaauts)
 A = Elapsed time spent in this place.
 B = Non-inter-level travel time spent in this place.
 C = Inter-level travel time spent in this place.
 D = Time resting spent in this place.
 E = Time spent auto-exploring this place.
 F = Levels seen in this place.
 G = Mean time per level.
                   A        B        C        D        E       F      G
               +--------+--------+--------+--------+--------+-----+--------+
         Total |   7160 |   6582 |    578 |   1678 |   3870 |   6 | 1193.3 |
       Dungeon |   7160 |   6582 |    578 |   1678 |   3870 |   6 | 1193.3 |
               +--------+--------+--------+--------+--------+-----+--------+

Top non-repeatable levels by time:
     D:4: 1781 daAuts
     D:3: 1773 daAuts
     D:5: 1335 daAuts
     D:1: 1218 daAuts
     D:2: 947 daAuts
     D:6: 104 daAuts
